 Dungeon Crawl Stone Soup version 0.31-a0-167-g1c394c0614 (webtiles) character file.

Game seed: 2200574351845265143

200 Dittersdorf the Shield-Bearer (level 5, 0/34 HPs)
             Began as a Gargoyle Fighter on June 14, 2023.
             Slain by a gnoll
             ... wielding a +0 whip
              (3 damage)
             ... on level 3 of the Dungeon.
             The game lasted 00:03:33 (1970 turns).

Dittersdorf the Shield-Bearer (Gargoyle Fighter)    Turns: 1970, Time: 00:03:34

Health: 0/34       AC: 12    Str: 21    XL:     5   Next: 78%
Magic:  5/5        EV:  9    Int:  9    God:
Gold:   141        SH:  4    Dex:  9    Spells: 4/4 levels left

rFire   . . .        a - +0 flail
rCold   . . .        c - +0 buckler
rNeg    + + .        b - +0 scale mail
rPois   ∞            l - +0 helmet
rElec   +            (no cloak)
rCorr   .            (no gloves)
SInv    .            (no boots)
Will    .....        v - amulet of faith Stlth
                     s - ring of positive energy
HPRegen 0.25/turn    (no ring)
MPRegen 0.09/turn

%: faith
@: no status effects
A: sickness immunity, AC +4, negative energy resistance 1, electricity
resistance, torment resistance 1, petrification resistance
a: no special abilities


You were on level 3 of the Dungeon.
You visited 1 branch of the dungeon, and saw 3 of its levels.

You collected 141 gold pieces.

Inventory:

Hand Weapons
 a - a +0 flail (weapon)
Missiles
 m - 7 poisoned darts
 u - a throwing net
Armour
 b - a +0 scale mail (worn)
 c - a +0 buckler (worn)
 l - a +0 helmet (worn)
Jewellery
 s - a ring of positive energy (left hand)
 v - an amulet of faith (around neck)
 w - a ring of ice
Scrolls
 i - 2 scrolls of fear {unknown}
 k - a scroll of fog {unknown}
 n - 2 scrolls of identify {unknown}
 o - a scroll of poison {unknown}
Potions
 d - 4 potions of might
 e - 2 potions of degeneration {unknown}
 f - a potion of heal wounds {unknown}
 g - a potion of magic {unknown}
 h - 3 potions of attraction {unknown}
 j - a potion of mutation {unknown}
 p - 2 potions of enlightenment {unknown}
 q - a potion of invisibility {unknown}
 r - a potion of haste {unknown}
 t - 2 potions of curing {unknown}


   Skills:
 + Level 4.4 Fighting
 + Level 3.3 Maces & Flails
 + Level 4.4 Armour
 + Level 4.4 Shields


You had 4 spell levels left.
You didn't know any spells.
Your spell library was empty.

Dungeon Overview and Level Annotations

Branches:
Dungeon (3/15)

Altars:
Uskayaw
Xom

Annotations:
D:3 1 runed translucent door, AwFulAwFulPlayer's ghost, amateur OpMo


Innate Abilities, Weirdness & Mutations

You are immune to sickness and miasma.
Your stone body is resilient. (AC +4)
You are immune to poison.
You resist negative energy. (rN+)
You are resistant to electric shocks. (rElec)
You are resistant to unholy torment.
You are immune to petrification.


Message History

You barely miss the gnoll. The gnoll hits you with a +0 spear.
The gnoll hits you with a +0 whip.
You barely miss the gnoll. The gnoll completely misses you.
The gnoll hits you but does no damage. x2; The gnoll misses you.
You sock the gnoll!
The gnoll is heavily wounded.
The gnoll closely misses you. x2
You closely miss the gnoll.
The gnoll is heavily wounded.
The gnoll hits you but does no damage. The gnoll barely misses you.
You hit the gnoll but do no damage.
The gnoll is heavily wounded.
The gnoll hits you with a +0 spear. You block the gnoll's attack.
You hit the gnoll.
The gnoll is severely wounded.
The gnoll barely misses you. x2; The gnoll hits you but does no damage.
The gnoll hits you with a +0 spear.
* * * LOW HITPOINT WARNING * * *
You barely miss the gnoll.
The gnoll is severely wounded.
The gnoll hits you with a +0 spear!
* * * LOW HITPOINT WARNING * * *
The gnoll hits you but does no damage.
You hit the gnoll.
You kill the gnoll!
The gnoll closely misses you.
You hit the gnoll.
The gnoll is lightly wounded.
The gnoll hits you with a +0 whip.
* * * LOW HITPOINT WARNING * * *
You sock the gnoll!
The gnoll is almost dead.
You block the gnoll's attack. The gnoll hits you but does no damage.
You hit the gnoll but do no damage.
The gnoll is almost dead.
The gnoll completely misses you.
You barely miss the gnoll.
The gnoll is almost dead.
The gnoll hits you with a +0 whip.
You die...

# #.# .##..##...... .#
.#.# ##......##... ..#
.#.# ##............
...#
...##.............
#..##.##..............
##..#.#..#............
#.......#.............
....#.................
#. #@)...###.........
#g).....#..........
#.#................†
#..#........#........
#.. #...#....#........
#...
#...##............ #..
#...# ...!........ #..
#.... ?. ...^....
........


You could see a gnoll.

Vanquished Creatures
  An orc wizard (D:3)
  6 gnolls
  4 adders
  A worm (D:3)
  A dart slug (D:1)
  4 orcs (D:3)
  4 ball pythons
  10 endoplasms
  5 giant cockroaches
  7 goblins
  5 hobgoblins
  3 quokkas
  7 bats
  3 frilled lizards
  4 kobolds
  5 rats
  A spectral goblin (D:1)
71 creatures vanquished.

Vanquished Creatures (others)
  5 dream sheep (D:3)
5 creatures vanquished.

Grand Total: 76 creatures vanquished

Notes
Turn   | Place    | Note
-------+----------+-------------------------------------------
     0 | D:1      | Dittersdorf the Gargoyle Fighter began the quest for the
                  | Orb.
     0 | D:1      | Reached XP level 1. HP: 14/14 MP: 1/1
   162 | D:1      | Found a faded altar of an unknown god.
   184 | D:1      | Reached XP level 2. HP: 16/19 MP: 2/2
   531 | D:1      | Reached XP level 3. HP: 22/23 MP: 3/3
   868 | D:2      | Reached XP level 4. HP: 29/29 MP: 4/4
  1456 | D:3      | Noticed a +0 hand axe
  1456 | D:3      | Noticed a +0 hand axe
  1456 | D:3      | Found a hide-covered altar of Uskayaw.
  1520 | D:3      | Reached XP level 5. HP: 33/33 MP: 5/5
  1827 | D:3      | Found a runed translucent door.
  1827 | D:3      | Noticed AwFulAwFulPlayer's ghost (amateur OpMo)
  1881 | D:3      | Noticed a dream sheep
  1881 | D:3      | Noticed a dream sheep
  1881 | D:3      | Noticed a dream sheep
  1881 | D:3      | Noticed a dream sheep
  1881 | D:3      | Noticed a dream sheep
  1881 | D:3      | Found a shimmering altar of Xom.
  1885 | D:3      | Killed a dream sheep
  1885 | D:3      | Killed a dream sheep
  1885 | D:3      | Killed a dream sheep
  1885 | D:3      | Killed a dream sheep
  1886 | D:3      | Killed a dream sheep
  1970 | D:3      | Slain by a gnoll

Illustrated notes

Levels and vault maps discovered:
D:1:      dpeg_arrival_stone_temple_mockup, layout_basic,
          dreamdust_ecumenical_altar_drowned_temple
D:2:      layout_basic, grunt_ministairs_12, minmay_pentomino_q2
D:3:      layout_rooms, dancing_weapons_uskayaw, kb_xom_exploding_sheep,
          hellmonk_ghost_happy_afterlife, minmay_parallelograms

Skill      XL: |  1  2  3  4 |
---------------+-------------+-----
Shields        | 4 |  4.4
Armour         | 4 |  4.4
Fighting       | 4 |  4.4
Maces & Flails | 3 |  3.3

Action                     |  1- 3 |  4- 6 || total
---------------------------+-------+-------++-------
  Melee: Flail             |   126 |   158 ||   284
 Armour: Scale mail        |    72 |    97 ||   169
  Dodge: Dodged            |    85 |    65 ||   150
  Block: Buckler           |    30 |    43 ||    73

Table legend: (Time is in decaauts)
 A = Elapsed time spent in this place.
 B = Non-inter-level travel time spent in this place.
 C = Inter-level travel time spent in this place.
 D = Time resting spent in this place.
 E = Time spent auto-exploring this place.
 F = Levels seen in this place.
 G = Mean time per level.
                   A        B        C        D        E       F      G
               +--------+--------+--------+--------+--------+-----+--------+
         Total |   2055 |   1998 |     57 |     86 |   1278 |   3 |  685.0 |
       Dungeon |   2055 |   1998 |     57 |     86 |   1278 |   3 |  685.0 |
               +--------+--------+--------+--------+--------+-----+--------+

Top non-repeatable levels by time:
     D:2: 796 daAuts
     D:1: 717 daAuts
     D:3: 541 daAuts
